 Dungeon Crawl Stone Soup version 0.17-a0-1522-g6c5b4ba (webtiles) character file.

29769 namelastname112 the Cruncher (level 13, -11/116 HPs)
             Began as a Green Draconian Skald on July 14, 2015.
             Mangled by a polar bear (24 damage)
             ... on level 4 of the Lair of Beasts on July 15, 2015.
             The game lasted 00:43:01 (21306 turns).

namelastname112 the Cruncher (DrSk)                Turns: 21306, Time: 00:43:01

Health: -11/116    AC: 17    Str: 13 (14) XL:     13   Next: 17%
Magic:  22/22      EV: 19    Int: 11      God:    Xom [..*...]
Gold:   1201       SH:  0    Dex: 18      Spells: 3 memorised, 16 levels left

rFire  + . .     SeeInvis .     F - +3 quarterstaff (chaos)
rCold  + + .     Clarity  .     (armour unavailable)
rNeg   . . .     SustAt   .     (no shield)
rPois  +         Gourm    .     a - +0 hat {rC+}
rElec  .         Spirit   .     G - +0 cloak
rCorr  .         Warding  .     i - +1 pair of gloves
rMut   .         Stasis   .     (no boots)
MR     .....                    (no amulet)
Stlth  ++........               H - +5 ring of protection
                                r - ring of protection from fire

@: short of breath, not resistant to hostile enchantments, unstealthy
A: breathe noxious fumes, unfitting armour, horns 1, stinger 3, agile 1, cold
resistance 1, deterioration 1, dopey 1, mutation resistance 1, sense
surroundings 1, poison resistance, shaggy fur 1, wild magic 1, cold-blooded, AC
+8
a: Breathe Noxious Fumes, Renounce Religion


You were on level 4 of the Lair of Beasts.
You worshipped Xom.
You were a toy of Xom.
You were hungry.

You visited 3 branches of the dungeon, and saw 16 of its levels.
You also visited: Sewer, Ice Cave and Volcano.

You collected 1201 gold pieces.

Inventory:

Hand weapons
 F - a +3 quarterstaff of chaos (weapon)
Armour
 a - a +0 hat of cold resistance (worn)
 i - a +1 pair of gloves (worn)
 G - a +0 cloak (worn)
Jewellery
 l - an uncursed ring of protection from fire
 p - an uncursed ring of flight
 r - a ring of protection from fire (left hand)
 H - a +5 ring of protection (right hand)
Magical devices
 e - a wand of flame (0)
 o - a wand of digging (10)
 y - a wand of lightning (12)
 B - a wand of paralysis (10)
 D - a wand of frost (13)
 L - a wand of flame (15)
 P - a wand of enslavement (6)
Scrolls
 h - a scroll of teleportation
 j - 2 scrolls of enchant armour
 m - 3 scrolls of amnesia
 t - 2 scrolls of magic mapping
 w - 2 scrolls of remove curse
 C - 3 scrolls of identify
Potions
 d - a potion of poison
 g - 3 potions of berserk rage {unknown}
 n - 8 potions of resistance
 q - 2 potions of haste
 u - 5 potions of invisibility
 v - a potion of brilliance
 x - 5 potions of flight
 z - a potion of agility
 I - a potion of cancellation
 J - a potion of magic
 N - a potion of curing
Books
 b - a book of Battle

   Spells                             Type                      Level
   a - Infusion                       Charms                       1
   b - Shroud of Golubria             Charms/Translocation         2
   c - Song of Slaying                Charms                       2
   d - Spectral Weapon                Hexes/Charms                 3
   e - Regeneration                   Charms/Necromancy            3
 k - a book of Unlife

   Spells                             Type                      Level
   a - Recall                         Summoning/Translocation      3
   b - Animate Dead                   Necromancy                   4
   c - Control Undead                 Necromancy                   4
   d - Cigotuvi's Embrace             Necromancy                   5
   e - Death Channel                  Necromancy                   6
   f - Simulacrum                     Ice/Necromancy               6
 K - a Young Poisoner's Handbook

   Spells                             Type                      Level
   a - Sting                          Conjuration/Poison           1
   b - Cure Poison                    Poison                       2
   c - Mephitic Cloud                 Conjuration/Poison/Air       3
   d - Olgreb's Toxic Radiance        Poison                       4
   e - Venom Bolt                     Conjuration/Poison           5
Miscellaneous
 E - a phial of floods (inert)
Comestibles
 c - 6 bread rations
 f - 9 meat rations
 s - 9 royal jellies
 M - 5 fruits


   Skills:
 + Level 11.6 Fighting
   Level 8.2(11.1) Maces & Flails
   Level 1.4(7.7) Polearms
 * Level 11.7(12.7) Staves
 + Level 9.5 Dodging
 + Level 6.2 Spellcasting
 + Level 6.6 Charms
 + Level 4.0 Poison Magic


You had 16 spell levels left.
You knew the following spells:

 Your Spells              Type           Power        Failure   Level  Hunger
a - Cure Poison           Pois           ###.......   13%         2    ##.....
b - Regeneration          Chrm/Necr      ###.......   30%         3    ###....
c - Spectral Weapon       Hex/Chrm       ###.....     30%         3    ###....


Dungeon Overview and Level Annotations

Branches:
Dungeon (11/15)            Temple (1/1) D:4            Lair (4/8) D:9
 Spider (0/4) Lair:3          Orc (0/4) D:9
  Swamp: Lair:3-6    Shoals: Lair:3-6

Altars:
Ashenzari
Cheibriados
Dithmenos
Elyvilon
Fedhas
Gozag
Kikubaaqudgha
Makhleb
Nemelex Xobeh
Okawaru
Qazlal
Ru
Sif Muna
Trog
Vehumet
Xom
Yredelemnul
Zin
The Shining One

Annotations:
Lair:2 exclusion: oklob plant
Abyss:1 Erolcha


Innate Abilities, Weirdness & Mutations

You can breathe blasts of noxious fumes.
Your lurid green scales are hard (AC +8).
Your body does not fit into most forms of armour.
Your system is resistant to poisons.
You are cold-blooded and may be slowed by cold attacks.
You have a pair of small horns on your head.
Your tail ends in a wickedly sharp and poisonous barb.
You are agile. (Dex +2)
Your flesh is cold resistant.
Your body sometimes deteriorates upon taking damage.
You are dopey. (Int -2)
You are somewhat resistant to further mutation.
You passively map a small area around you.
You are covered in fur (AC +1).
Your spells are a little harder to cast, but a little more powerful.


Message History

Use which ability? (? or * to list)
Press: ? - help, Shift-Dir - straight line You exhale a blast of noxious fumes.
The blast of choking fumes hits something.
The blast of choking fumes hits the sheep.
The sheep is moderately wounded.
You feel somewhat more hungry.
The sheep is engulfed in noxious fumes.
The sheep appears confused.
Something bites you!!
* * * LOW HITPOINT WARNING * * *
Something completely misses you. Something claws you but does no damage.
Unknown command.
Unknown command.
You hit something.
You feel better. Something closely misses you. Something barely misses you.
Something claws you but does no damage.
The sheep is engulfed in noxious fumes.
The sheep appears confused.
Unknown command.
Drink which item? (? for menu, Esc to quit)
You feel better. Something bites you!!
You die...
Xom chortles!

∆ .... * .... * * ##.#
+∆, #..######...## , ,,,
##..##........+. *
...##.......#..
#...#..........
#+####..##.......P# ,,
#..#.#<.##........#.#
...........##@#,#.#...*
,.........###{###.+.P..*
............Y.........
............Y.........
............§........P
...........§..........
...........###.......#
*...#.....## ###..P..#
#####....# , , .P...#


You could see 2 sheep.

Vanquished Creatures
  A frost giant (IceCv)
  2 hydras (Lair:1)
  Nergalle (D:10)
  An unseen horror (IceCv)
  An ice statue (IceCv)
  Pikel (D:8)
  An orb spider (Lair:3)
  3 hill giants
  A griffon (D:11)
  Maurice (D:11)
  3 black mambas (Lair:3)
  Psyche (D:8)
  2 spiny frogs (Lair:1)
  2 trolls
  5 komodo dragons
  A guardian mummy (Volcano)
  16 polar bears
  A minotaur skeleton (Volcano)
  5 blink frogs (Lair:3)
  2 flying skulls (Volcano)
  A spriggan (Lair:3)
  3 vampires (Volcano)
  A trapdoor spider (D:9)
  A deep elf mage (D:11)
  2 basilisks
  15 yaks
  A hungry ghost (D:11)
  A steam dragon (D:8)
  2 hill giant skeletons (Volcano)
  4 hippogriffs
  11 wolves
  8 porcupines
  4 orc warriors
  4 water moccasins
  2 sky beasts (D:7)
  A merfolk skeleton (Volcano)
  Purgy (Sewer)
  A slave (D:8)
  A black bear (D:11)
  7 ogres
  4 centaurs
  3 ice beasts
  A boggart (D:7)
  4 crocodiles
  A manticore skeleton (Volcano)
  5 giant frogs
  2 gnoll sergeants
  A scorpion (D:4)
  A water moccasin skeleton (D:6)
  Dowan (D:7)
  9 killer bees
  A troll skeleton (Volcano)
  13 wights
  A spriggan skeleton (Volcano)
  2 crimson imps
  A giant frog zombie (D:10)
  2 centaur zombies
  5 jellies
  4 iguanas
  Crazy Yiuf (D:7)
  2 orc priests
  A giant frog skeleton (D:8)
  3 centaur skeletons
  7 hounds
  11 orc wizards
  A two-headed ogre skeleton (Volcano)
  6 worker ants
  11 sheep
  2 ogre skeletons (Volcano)
  A naga skeleton (Volcano)
  A hound skeleton (D:4)
  2 mummies (Volcano)
  3 worker ant zombies
  17 adders
  10 gnolls
  33 river rats
  8 oozes
  4 worms
  An adder zombie (D:6)
  6 giant geckos
  31 orcs
  A ball python (D:4)
  3 bat skeletons
  7 giant cockroaches
  20 hobgoblins
  5 quokkas
  20 bats
  3 giant gecko skeletons
  7 giant newts
  17 goblins
  17 jackals
  20 kobolds
  A quokka skeleton (D:5)
  17 rats
483 creatures vanquished.

Vanquished Creatures (collateral kills)
  The ghost of Ladykiller69 the Shield-Bearer, an average FoFi (D:10)
  A yak (IceCv)
  2 wolves (IceCv)
  A giant frog (D:10)
5 creatures vanquished.

Vanquished Creatures (others)
  2 ball lightnings (D:8)
  3 slaves (D:8)
  A killer bee (D:10)
  A crimson imp (D:9)
  A worker ant (D:8)
  A river rat (Lair:1)
  An adder (D:8)
  2 bats (D:8)
  A kobold (D:8)
  8 fungi
  2 plants (Lair:3)
23 creatures vanquished.

Grand Total: 511 creatures vanquished

Notes
Turn   | Place    | Note
--------------------------------------------------------------
     0 | D:1      | namelastname112 the Draconian Skald began the quest for the Orb.
     0 | D:1      | Reached XP level 1. HP: 17/17 MP: 3/3
   413 | D:1      | Reached XP level 2. HP: 11/25 MP: 5/5
  1005 | D:1      | Reached XP level 3. HP: 22/30 MP: 6/6
  1167 | D:2      | Reached skill level 3 in Maces & Flails
  1432 | D:2      | Reached XP level 4. HP: 22/38 MP: 7/7
  2653 | D:3      | Noticed an ogre
  2668 | D:3      | Killed an ogre
  2668 | D:3      | Reached skill level 4 in Fighting
  2668 | D:3      | Reached XP level 5. HP: 12/46 MP: 8/8
  3223 | D:4      | Reached XP level 6. HP: 48/52 MP: 9/9
  3243 | D:4      | Found a staircase to the Ecumenical Temple.
  3515 | Temple   | Entered the Ecumenical Temple
  3756 | D:4      | Found a burning altar of Makhleb.
  3767 | D:4      | Reached skill level 5 in Maces & Flails
  3791 | D:4      | Found a glowing silver altar of Zin.
  3856 | D:4      | Found a blossoming altar of Fedhas.
  4246 | D:4      | Found a snail-covered altar of Cheibriados.
  4294 | D:4      | Your scales start taking on a lurid green colour.
  4294 | D:4      | Gained mutation: Your system is resistant to poisons. [Green Draconian growth]
  4294 | D:4      | Reached XP level 7. HP: 54/60 MP: 10/10
  4344 | Temple   | Became a worshipper of Xom of Chaos
  4369 | D:4      | XOM: harmless Summ miscast
  4458 | D:4      | XOM: silly message
  4583 | D:4      | XOM: divination: detect creatures
  4794 | D:5      | Entered Level 5 of the Dungeon
  4818 | D:5      | Reached skill level 5 in Fighting
  4917 | D:5      | XOM: divination: magic mapping
  5121 | D:5      | Reached skill level 6 in Maces & Flails
  5344 | D:5      | Found a snail-covered altar of Cheibriados.
  5416 | D:5      | Found a glowing drain.
  5420 | Sewer    | Entered a sewer
  5436 | Sewer    | Noticed Purgy
  5454 | Sewer    | Killed Purgy
  5537 | Sewer    | XOM: harmless Pois miscast
  5743 | D:5      | XOM: harmless Ice miscast
  5791 | D:5      | XOM: silly message
  5876 | D:5      | XOM: silly message
  6131 | D:5      | XOM: potion effect (berserk rage)
  6133 | D:5      | Reached XP level 8. HP: 70/70 MP: 11/11
  6149 | D:5      | XOM: harmless Pois miscast
  6450 | D:6      | XOM is BORED!
  6450 | D:6      | XOM: silly message
  6459 | D:6      | XOM: god gift: 12 steel bolts
  6502 | D:6      | Reached skill level 7 in Maces & Flails
  7177 | D:6      | XOM: silly message
  7249 | D:7      | XOM: swap monsters
  7250 | D:7      | Noticed Duvessa
  7250 | D:7      | Noticed Dowan
  7251 | D:7      | XOM: chaos upgrade
  7260 | D:7      | XOM: divination: detect items
  7263 | D:7      | Noticed Duvessa
  7263 | D:7      | Duvessa changed into Duvessa the boggart
  7263 | D:7      | XOM: polymorph Duvessa -> Duvessa the boggart
  7264 | D:7      | XOM: divination: detect items
  7279 | D:7      | XOM: potion effect (agility)
  7281 | D:7      | XOM: potion effect (berserk rage)
  7283 | D:7      | Killed Dowan
  7283 | D:7      | Reached skill level 5 in Dodging
  7311 | D:7      | XOM: harmless Air miscast
  7518 | D:7      | XOM: divination: detect creatures
  7554 | D:7      | XOM: potion effect (magic)
  7555 | D:7      | Killed Duvessa the boggart
  7555 | D:7      | Reached skill level 8 in Maces & Flails
  7599 | D:7      | XOM: silly message
  7665 | D:7      | XOM: give mutations
  7665 | D:7      | Gained mutation: Scrolls take you a little longer to read. [Xom's mischief]
  7665 | D:7      | Gained mutation: You expend magic power (3 MP) to strengthen your wands. [Xom's mischief]
  7665 | D:7      | Gained mutation: You have a pair of small horns on your head. [Xom's mischief]
  8066 | D:7      | Reached skill level 1 in Polearms
  8066 | D:7      | Reached XP level 9. HP: 61/79 MP: 12/12
  8179 | D:7      | Noticed Crazy Yiuf
  8187 | D:7      | Killed Crazy Yiuf
  8208 | D:7      | XOM: silly message
  8234 | D:7      | XOM: chaos cloud
  8236 | D:7      | Reached skill level 1 in Staves
  8330 | D:7      | XOM: harmless Conj miscast
  8569 | D:7      | XOM: summons 2 friendly demons
  8580 | D:7      | Gained mutation: You are robust (+10% HP). [mutagenic meat]
  8581 | D:7      | Gained mutation: You are dopey. (Int -2) [mutagenic meat]
  8582 | D:7      | Gained mutation: You are covered in fur (AC +1). [mutagenic meat]
  8732 | D:7      | XOM: cast spell 'Beastly Appendage'
  8950 | D:7      | XOM: harmless Tloc miscast
  9022 | D:7      | Found a basalt altar of Yredelemnul.
  9022 | D:7      | Found an ancient bone altar of Kikubaaqudgha.
  9033 | D:7      | XOM: colour smoke trail
  9151 | D:7      | XOM: enchant monster (bad)
  9213 | D:7      | XOM: noise
  9440 | D:7      | XOM: summons 1 hostile demon
  9442 | D:7      | XOM: summons 4 hostile demons
  9451 | D:8      | Noticed Psyche
  9465 | D:8      | XOM: noise
  9468 | D:8      | Killed Psyche
  9476 | D:8      | Reached skill level 5 in Staves
  9489 | D:8      | Noticed Pikel
  9504 | D:8      | Killed Pikel
  9504 | D:8      | Reached XP level 10. HP: 48/99 MP: 13/13
  9773 | D:8      | XOM: cast spell 'Conjure Ball Lightning'
  9841 | D:8      | Noticed Erolcha
  9862 | D:8      | XOM: mild Divn miscast
  9875 | D:8      | XOM: harmless Trmt miscast
  9934 | D:8      | XOM: divination: detect creatures
 10058 | D:8      | XOM: colour smoke trail
 10065 | D:8      | Banished Erolcha
 10065 | D:8      | Reached skill level 9 in Fighting
 10236 | D:8      | XOM: chaos upgrade
 10252 | D:8      | Paralysed by a wight for 4 turns
 10286 | D:8      | XOM: medium Ice miscast
 10369 | D:8      | XOM: summons 1 hostile shadow creature
 10412 | D:8      | Learned a level 2 spell: Cure Poison
 10416 | D:8      | Learned a level 3 spell: Regeneration
 10787 | D:9      | Found a staircase to the Orcish Mines.
 10991 | D:9      | XOM: draining
 11047 | D:9      | Found a staircase to the Lair.
 11103 | D:9      | Found a stormy altar of Qazlal.
 11121 | D:9      | XOM: polymorph hippogriff -> trapdoor spider
 11383 | D:9      | XOM: cast spell 'Summon Butterflies'
 11434 | D:9      | XOM: harmless Conj miscast
 11444 | D:9      | Found an opulent altar of Gozag.
 11542 | D:9      | Gained mutation: You have a pair of horns on your head. [potion of mutation]
 11542 | D:9      | Gained mutation: Your flesh is cold resistant. [potion of mutation]
 11543 | D:9      | Gained mutation: Your spells are a little easier to cast, but a little less powerful. [potion of mutation]
 11543 | D:9      | Gained mutation: Your muscles are strong. (Str +2) [potion of mutation]
 11543 | D:9      | Lost mutation: Scrolls take you a little longer to read. [potion of mutation]
 11544 | D:9      | Gained mutation: You are agile. (Dex +2) [potion of beneficial mutation]
 11583 | D:10     | Entered Level 10 of the Dungeon
 11583 | D:10     | Noticed Nergalle
 11584 | D:10     | Noticed a hill giant
 11595 | D:10     | XOM: cast spell 'Summon Ice Beast'
 11599 | D:10     | Noticed Ladykiller69's ghost (average FoFi)
 11600 | D:10     | Killed a hill giant
 11609 | D:10     | Killed Ladykiller69's ghost
 11618 | D:10     | Killed Nergalle
 11779 | D:10     | XOM: mild Hex miscast
 11813 | D:10     | Noticed a hill giant
 11823 | D:10     | Killed a hill giant
 11823 | D:10     | Reached XP level 11. HP: 64/108 MP: 15/15
 11896 | D:10     | XOM: summons 5 hostile demons
 11997 | D:10     | XOM: 2-stop teleportation journey
 12397 | D:10     | XOM: 3-stop teleportation journey
 12501 | D:10     | XOM: smoke on damage
 12553 | D:10     | XOM: silly message
 12628 | D:10     | XOM: give mutations
 12628 | D:10     | Lost mutation: You are robust (+10% HP). [Xom's mischief]
 12628 | D:10     | Lost mutation: Your spells are a little easier to cast, but a little less powerful. [Xom's mischief]
 13108 | D:11     | XOM: mild Trmt miscast
 13265 | D:11     | Noticed Maurice
 13294 | D:11     | Killed Maurice
 13340 | D:11     | XOM: 1-stop teleportation journey
 13341 | D:11     | Noticed a hill giant
 13355 | D:11     | Killed a hill giant
 13355 | D:11     | Reached skill level 10 in Fighting
 13470 | D:11     | XOM: mild Conj miscast
 13568 | D:11     | XOM: mild Conj miscast
 13605 | D:11     | XOM: mild Trmt miscast
 13919 | D:11     | XOM: 2-stop teleportation journey
 14122 | D:11     | XOM: harmless Conj miscast
 14123 | D:11     | XOM: colour smoke trail
 14189 | D:11     | XOM: draining
 14258 | D:11     | XOM: give mutations
 14258 | D:11     | Lost mutation: You expend magic power (3 MP) to strengthen your wands. [Xom's mischief]
 14258 | D:11     | Gained mutation: You passively map a small area around you. [Xom's mischief]
 14258 | D:11     | Lost mutation: You are dopey. (Int -2) [Xom's mischief]
 14258 | D:11     | Lost mutation: Your muscles are strong. (Str +2) [Xom's mischief]
 14317 | Lair:1   | Entered Level 1 of the Lair of Beasts
 14333 | Lair:1   | XOM: enchant monster (bad)
 14361 | Lair:1   | Noticed a four-headed hydra
 14363 | Lair:1   | XOM: give mutations
 14363 | Lair:1   | Gained mutation: You possess an exceptional clarity of mind. [Xom's mischief]
 14373 | Lair:1   | Killed a four-headed hydra
 14540 | Lair:1   | XOM: medium Fire miscast
 14618 | Lair:1   | Noticed a five-headed hydra
 14628 | Lair:1   | Killed a five-headed hydra
 14680 | Lair:1   | XOM: mild Trmt miscast
 14890 | Lair:1   | Noticed an anubis guard
 14890 | Lair:1   | a komodo dragon changed into an anubis guard
 14892 | Lair:1   | XOM: blink monster(s)
 14914 | Lair:1   | XOM: draining
 15309 | Lair:1   | XOM: harmless Necr miscast
 15330 | Lair:1   | XOM: noise
 15346 | Lair:1   | XOM: silly message
 15352 | Lair:1   | Reached skill level 10 in Staves
 15373 | Lair:1   | Reached skill level 5 in Charms
 15789 | Lair:2   | XOM: harmless Summ miscast
 15793 | Lair:2   | XOM: enchant monster (good)
 15873 | Lair:2   | Found a dark tunnel.
 15882 | Volcano  | XOM: noise
 15882 | Volcano  | Entered a volcano
 15887 | Volcano  | XOM: cast spell 'Dragon Form'
 15924 | Volcano  | Reached XP level 12. HP: 107/107 MP: 19/19
 15949 | Volcano  | XOM: vitrification
 15958 | Volcano  | XOM: stat loss: -1 Dex (17/18)
 15980 | Volcano  | XOM: blink monster(s)
 16041 | Volcano  | XOM: give mutation
 16041 | Volcano  | Gained mutation: You are somewhat resistant to further mutation. [Xom's grace]
 16053 | Volcano  | XOM: give mutations
 16053 | Volcano  | Lost mutation: You possess an exceptional clarity of mind. [Xom's mischief]
 16053 | Volcano  | Gained mutation: Your body sometimes deteriorates upon taking damage. [Xom's mischief]
 16053 | Volcano  | Gained mutation: You are dopey. (Int -2) [Xom's mischief]
 16199 | Volcano  | XOM: mild Chrm miscast
 16232 | Volcano  | XOM: mild Trmt miscast
 16435 | Volcano  | XOM: divination: detect creatures
 16614 | Lair:2   | Reached skill level 5 in Spellcasting
 16662 | Lair:2   | XOM: 2-stop teleportation journey
 16701 | Lair:2   | Learned a level 3 spell: Spectral Weapon
 16728 | Lair:2   | Found a stormy altar of Qazlal.
 16738 | Lair:2   | XOM: 3-stop teleportation journey
 17281 | Lair:2   | XOM: severe Necr miscast
 17478 | Lair:2   | XOM: mild Ice miscast
 17741 | Lair:2   | XOM: destruction
 18063 | Lair:3   | XOM: draining
 18224 | Lair:3   | Reached skill level 1 in Poison Magic
 18267 | Lair:3   | Found a frozen archway.
 18271 | IceCv    | XOM: noise
 18271 | IceCv    | Entered an ice cave
 18276 | IceCv    | XOM: enchant monster (bad)
 18281 | IceCv    | XOM: confuse monster(s)
 18334 | IceCv    | XOM: smoke on damage
 18335 | IceCv    | XOM: harmless Conj miscast
 18369 | IceCv    | Reached skill level 11 in Fighting
 18674 | IceCv    | XOM: severe Pois miscast
 18732 | IceCv    | XOM: silly message
 19045 | IceCv    | XOM: potion effect (haste)
 19069 | IceCv    | XOM: silly message
 19187 | IceCv    | XOM: potion effect (might)
 19192 | IceCv    | XOM: polymorph polar bear -> something unseen
 19206 | IceCv    | XOM: enchant monster (good)
 19557 | IceCv    | Noticed a frost giant
 19576 | IceCv    | Killed a frost giant
 19652 | IceCv    | XOM: give mutations
 19652 | IceCv    | Gained mutation: Your tail ends in a poisonous barb. [Xom's grace]
 19652 | IceCv    | Gained mutation: Your tail ends in a sharp poisonous barb. [Xom's grace]
 19652 | IceCv    | Gained mutation: Your spells are a little harder to cast, but a little more powerful. [Xom's grace]
 19652 | IceCv    | Gained mutation: Your tail ends in a wickedly sharp and poisonous barb. [Xom's grace]
 19816 | IceCv    | XOM: colour smoke trail
 19955 | IceCv    | XOM: harmless Fire miscast
 19966 | IceCv    | XOM: harmless Summ miscast
 19999 | Lair:3   | XOM: potion effect (berserk rage)
 20013 | Lair:3   | XOM: potion effect (heal wounds)
 20016 | Lair:3   | Reached XP level 13. HP: 116/116 MP: 22/22
 20090 | Lair:3   | XOM: silly message
 20206 | Lair:3   | Got a transparent war axe
 20207 | Lair:3   | Identified the +4 war axe of Conformity {drain, rElec} (You found it on level 3 of the Lair of Beasts)
 20404 | Lair:3   | XOM: silly message
 20558 | Lair:3   | XOM: harmless Conj miscast
 20816 | Lair:3   | Found a hole to the Spider Nest.
 20867 | Lair:3   | XOM: potion effect (brilliance)
 20893 | Lair:3   | Lost mutation: You have a pair of horns on your head. [potion of mutation]
 21094 | Lair:3   | XOM: harmless Chrm miscast
 21276 | Lair:4   | XOM: divination: detect items
 21306 | Lair:4   | Mangled by a polar bear

Vault maps used:
D:1:      dpeg_chamrin_arrival_tetris
D:2:      minmay_stone_trees_medium
D:3:      first_bread
D:4:      nicolae_overflow_quartered_altars, minmay_temple_entry_glass,
          hangedman_decor_diamond_cutter, minmay_distorted
D:5:      gup_sewer_entry_bowl, cheibrodos_worm_habitat
D:6:      hangedman_abyss_or_decor_lesser_grid
D:7:      gammafunk_temple_overflow_statue, uniq_crazy_yiuf_cottage,
          uniq_duvessa
D:8:      uniq_pikel, uniq_erolcha, uniq_psyche
D:9:      grunt_qazlal_sundering, lair_0_dummy, orc_0_dummy, basic_altar
D:10:     hangedman_little_slice_of_home, uniq_nergalle
D:11:     uniq_maurice
Temple:   circular_temple_12
Lair:1:   st_stairs_11, minivault_27, grunt_megastairs_4
Lair:2:   nicolae_volcano_entry_hallway, lemuel_oklob_altar
Lair:3:   nicolae_spider_entry_orb_guardian, portal_ice_cave_entry_pillars_03,
          grunt_forest_large_clearing_hut
Lair:4:   serial_bayou, serial_bayou_shore_a, serial_bayou_crossing,
          serial_bayou_shore_b, serial_bayou_shore_b, beast_lair_carwin_1
Sewer:    kennysheep_door_sewer
IceCv:    ice_cave_small_giant
Volcano:  volcano_tomb

Action                   |  1- 3 |  4- 6 |  7- 9 | 10-12 | 13-15 || total
-------------------------+-------+-------+-------+-------+-------++-------
Melee: Mace              |   142 |   146 |       |       |       ||   288
       Flail             |       |    80 |   348 |       |       ||   428
       Unarmed           |       |    10 |       |    39 |       ||    49
       Halberd           |       |       |    17 |       |       ||    17
       Quarterstaff      |       |       |   119 |   996 |   119 ||  1234
 Abil: Breathe Noxious F |       |       |     7 |    12 |     2 ||    21
Evoke: Wand              |       |       |       |    11 |       ||    11
       Phial of floods   |       |       |       |     1 |       ||     1
  Use: Potion            |     1 |     8 |     3 |    12 |     2 ||    26
       Scroll            |       |       |     2 |    22 |     2 ||    26
 Stab: Sleeping          |     1 |     3 |     5 |     4 |       ||    13
       Distracted        |       |       |     1 |     1 |       ||     2
       Confused          |       |       |     5 |    10 |     2 ||    17
       Paralysed         |       |       |     2 |    14 |     1 ||    17
       Petrified         |       |       |       |     2 |       ||     2
       Petrifying        |       |       |       |     2 |     3 ||     5
  Eat: Chunk             |     2 |     7 |    15 |     9 |     3 ||    36
       Beef jerky        |       |     2 |     1 |       |       ||     3
       Meat ration       |       |       |     1 |     3 |       ||     4
       Pizza             |       |       |     1 |       |     1 ||     2
       Fruit             |       |       |       |     3 |       ||     3
       Bread ration      |       |       |       |     2 |       ||     2
       Royal jelly       |       |       |       |     1 |       ||     1
